3R
CANONNIERS DE QUEBEC @ GIBTOWN ELEPHANTS
07/14/2037
 
TOP OF THE 1ST
Canonniers de Quebec batting - Pitching for Gibtown Elephants : LHP Francisco Martínez
Pitching: LHP Francisco Martínez
Batting: RHB Nobuhiko Ohayashi 0-0: Called Strike
0-1: SINGLE (Groundball, 56D, EV 103.8 MPH)
Batting: RHB Manuel Barrera 0-0: Called Strike
0-1: Swinging Strike
0-2: Ball
1-2: Strikes out swinging
Batting: RHB Imbart Baars 0-0: Ball
1-0: Called Strike
1-1: Ball
2-1: SINGLE (Flyball, 78M, EV 97.5 MPH)
Nobuhiko Ohayashi to second
Batting: RHB Tom Rowland 0-0: SINGLE (Groundball, 6MD, EV 103.1 MPH)
Nobuhiko Ohayashi to third
Imbart Baars to second
Runner from 3rd tries for Home, SAFE, no throw by CF
Batting: RHB Amor Campos 0-0: Foul Ball, location: 2F
0-1: Fly out, F8 (Line Drive, 8LD, EV 90.0 MPH)
Batting: LHB Knox Loposer 0-0: Fly out, F7 (Line Drive, 7, EV 84.4 MPH)
Top of the 1st over - 1 run, 3 hits, 0 errors, 2 left on base; Canonniers de Quebec 1 - Gibtown 0
BOTTOM OF THE 1ST
Gibtown Elephants batting - Pitching for Canonniers de Quebec : RHP Bartolo Guerra
Pitching: RHP Bartolo Guerra
Batting: SHB Christian Payne 0-0: Ball
1-0: Ball
2-0: Foul Ball, location: 2F
2-1: Foul Ball, location: 2F
2-2: Ball
3-2: SINGLE (Groundball, 25, EV 64.4 MPH) (infield hit)
Batting: RHB William Penn 0-0: Ball
1-0: Called Strike
1-1: Swinging Strike
1-2: Ball
2-2: Foul Ball, location: 2F
2-2: Foul Ball, location: 2F
2-2: SINGLE (Line Drive, 7S, EV 91.2 MPH)
Christian Payne to second
Batting: RHB Lane Ruffin 0-0: SINGLE (Line Drive, 8LS, EV 88.1 MPH)
Christian Payne to third
William Penn to second
Batting: LHB Jeff McNeice 0-0: Called Strike
0-1: Called Strike
0-2: Strikes out looking
Batting: SHB Christian Cole 0-0: Ball
1-0: Swinging Strike
1-1: Called Strike
1-2: Strikes out looking
Batting: RHB Félix Ronchi 0-0: Ball
1-0: Ball
2-0: Called Strike
2-1: Called Strike
2-2: Ground out 1-3 (Groundball, 13S, EV 68.8 MPH)
Bottom of the 1st over - 0 runs, 3 hits, 0 errors, 3 left on base; Canonniers de Quebec 1 - Gibtown 0
TOP OF THE 2ND
Canonniers de Quebec batting - Pitching for Gibtown Elephants : LHP Francisco Martínez
Batting: RHB Joe Padilla 0-0: Ball
1-0: Foul Ball, location: 2F
1-1: Ball
2-1: Swinging Strike
2-2: SINGLE (Line Drive, 34D, EV 97.5 MPH)
Batting: SHB Alex Warner 0-0: Swinging Strike
0-1: Swinging Strike
0-2: Fly out, F8 (Flyball, 8LD, EV 90.6 MPH)
Batting: SHB Geoffrey Richardson 0-0: Ball
1-0: Called Strike
1-1: Ball
2-1: Fielders Choice at 2nd, 5-4 (Groundball, 56, EV 91.2 MPH)
Batting: RHB Nobuhiko Ohayashi 0-0: Ball
1-0: Fielders Choice at 2nd, 5-4 (Groundball, 5, EV 90.0 MPH)
Top of the 2nd over - 0 runs, 1 hit, 0 errors, 1 left on base; Canonniers de Quebec 1 - Gibtown 0
BOTTOM OF THE 2ND
Gibtown Elephants batting - Pitching for Canonniers de Quebec : RHP Bartolo Guerra
Batting: RHB Virgil Guldenmond 0-0: Ball
1-0: Ball
2-0: Foul Ball, location: 2F
2-1: Swinging Strike
2-2: Foul Ball, location: 2F
2-2: Foul Ball, location: 2F
2-2: Foul Ball, location: 2F
2-2: Foul Ball, location: 2F
2-2: Strikes out swinging
Batting: RHB Joe Frank 0-0: Called Strike
0-1: Called Strike
0-2: DOUBLE (Flyball, 89XD, EV 104.4 MPH)
Batting: RHB Alberto Luna 0-0: Ball
1-0: Ground out U3 (Groundball, 34S, EV 85.0 MPH)
Joe Frank to third
Batting: SHB Christian Payne 0-0: Ground out 4-3 (Groundball, 34, EV 87.5 MPH)
Bottom of the 2nd over - 0 runs, 1 hit, 0 errors, 1 left on base; Canonniers de Quebec 1 - Gibtown 0
TOP OF THE 3RD
Canonniers de Quebec batting - Pitching for Gibtown Elephants : LHP Francisco Martínez
Batting: RHB Manuel Barrera 0-0: Called Strike
0-1: SINGLE (Groundball, 6MD, EV 107.5 MPH)
Batting: RHB Imbart Baars 0-0: Ball
1-0: Ball
2-0: Ball
3-0: Base on Balls
Manuel Barrera to second
Batting: RHB Tom Rowland 0-0: Ball
1-0: Foul Ball, location: 2F
1-1: Ball
2-1: Ball
3-1: Foul Ball, location: 2F
3-2: Fielders Choice at 3rd, U5 (Groundball, 5L, EV 78.1 MPH)
Imbart Baars to second
Batting: RHB Amor Campos 0-0: Ball
1-0: Ball
2-0: DOUBLE (Groundball, 5L, EV 96.2 MPH)
Imbart Baars scores
Tom Rowland to third
Batting: LHB Knox Loposer 0-0: Foul Ball, location: 2F
0-1: Ball
1-1: Swinging Strike
1-2: Ground out 6-3 (Groundball, 6, EV 88.1 MPH)
Tom Rowland scores
Amor Campos to third
Batting: RHB Joe Padilla 0-0: Ball
1-0: Foul Ball, location: 2F
1-1: Called Strike
1-2: Foul Ball, location: 2F
1-2: Foul Ball, location: 2F
1-2: DOUBLE (Line Drive, 89D, EV 112.5 MPH)
Amor Campos scores
Batting: SHB Alex Warner 0-0: Ball
1-0: Foul Ball, location: 2F
1-1: Swinging Strike
1-2: Foul Ball, location: 2F
1-2: Ball
2-2: Fly out, F7 (Flyball, 7LM, EV 87.5 MPH)
Top of the 3rd over - 3 runs, 3 hits, 0 errors, 1 left on base; Canonniers de Quebec 4 - Gibtown 0
BOTTOM OF THE 3RD
Gibtown Elephants batting - Pitching for Canonniers de Quebec : RHP Bartolo Guerra
Batting: RHB William Penn 0-0: Ground out 5-3 (Groundball, 56S, EV 74.4 MPH)
Batting: RHB Lane Ruffin 0-0: Called Strike
0-1: Reached on error, E6 (Groundball, 6S, EV 67.5 MPH)
Batting: LHB Jeff McNeice 0-0: Foul Ball, location: 2F
0-1: Ball
1-1: Swinging Strike
1-2: Ball
2-2: Foul Ball, location: 2F
2-2: Ball
3-2: Fielders Choice at 2nd, 5-4 (Groundball, 56S, EV 84.4 MPH)
Batting: SHB Christian Cole 0-0: Ball
1-0: Foul Ball, location: 2F
1-1: Ball
2-1: Called Strike
2-2: Foul Ball, location: 2F
2-2: Strikes out looking
Bottom of the 3rd over - 0 runs, 0 hits, 1 error, 1 left on base; Canonniers de Quebec 4 - Gibtown 0
TOP OF THE 4TH
Canonniers de Quebec batting - Pitching for Gibtown Elephants : LHP Francisco Martínez
Batting: SHB Geoffrey Richardson 0-0: Ball
1-0: Ground out 6-3 (Groundball, 6, EV 81.2 MPH)
Batting: RHB Nobuhiko Ohayashi 0-0: Ball
1-0: Called Strike
1-1: SINGLE (Line Drive, 6M, EV 96.9 MPH)
Batting: RHB Manuel Barrera 0-0: Called Strike
Nobuhiko Ohayashi is caught stealing 2nd base 2-4
0-1: Called Strike
0-2: Ball
1-2: Ball
2-2: Foul Ball, location: 2F
2-2: Ball
3-2: SINGLE (Line Drive, 34D, EV 108.1 MPH)
Batting: RHB Imbart Baars 0-0: SINGLE (Groundball, 6MD, EV 101.9 MPH)
Manuel Barrera to second
Runner from 2nd tries for 3rd, SAFE, throw by CF made to third
Batting: RHB Tom Rowland 0-0: Swinging Strike
0-1: Called Strike
0-2: TRIPLE (Line Drive, 89XD, EV 110.0 MPH)
Manuel Barrera scores
Imbart Baars scores
Pitching: RHP Bill Culshaw
Batting: RHB Amor Campos 0-0: Called Strike
0-1: Called Strike
0-2: Ball
1-2: Ball
2-2: Ball
3-2: Base on Balls
Batting: LHB Knox Loposer 0-0: Ball
1-0: Ball
2-0: Called Strike
2-1: Foul Ball, location: 2F
2-2: Strikes out swinging
Top of the 4th over - 2 runs, 4 hits, 0 errors, 2 left on base; Canonniers de Quebec 6 - Gibtown 0
BOTTOM OF THE 4TH
Gibtown Elephants batting - Pitching for Canonniers de Quebec : RHP Bartolo Guerra
Batting: RHB Félix Ronchi 0-0: Ball
1-0: Ball
2-0: Foul Ball, location: 2F
2-1: Ball
3-1: Foul Ball, location: 2F
3-2: Strikes out swinging
Batting: RHB Virgil Guldenmond 0-0: SINGLE (Groundball, 6MS, EV 83.1 MPH) (infield hit)
Batting: RHB Joe Frank 0-0: Foul Ball, location: 2F
0-1: Ball
1-1: Fly out, F9 (Line Drive, 9, EV 100.0 MPH)
Batting: RHB Alberto Luna 0-0: Ball
1-0: Swinging Strike
1-1: Ball
2-1: Reached on error, E5 (Groundball, 56, EV 99.4 MPH)
Virgil Guldenmond to second
Batting: SHB Christian Payne 0-0: Ball
1-0: Fly out, F6 (Line Drive, 6, EV 68.1 MPH)
Bottom of the 4th over - 0 runs, 1 hit, 1 error, 2 left on base; Canonniers de Quebec 6 - Gibtown 0
TOP OF THE 5TH
Canonniers de Quebec batting - Pitching for Gibtown Elephants : RHP Bill Culshaw
Batting: RHB Joe Padilla 0-0: Ball
1-0: Foul Ball, location: 2F
1-1: Ball
2-1: Foul Ball, location: 2F
2-2: Ball
3-2: Base on Balls
Batting: SHB Alex Warner 0-0: Called Strike
0-1: Ball
1-1: Fly out, F8 (Flyball, 8RS, EV 90.6 MPH)
Batting: SHB Geoffrey Richardson 0-0: DOUBLE (Flyball, 8RD, EV 99.4 MPH)
Joe Padilla to third
Batting: RHB Nobuhiko Ohayashi 0-0: Ball
1-0: Ball
2-0: Ball
3-0: Called Strike
3-1: Fly out, F9 (Flyball, 9LDF, EV 110.6 MPH)
Runner from 3rd tags up, SCORES, no throw by RF
Geoffrey Richardson to third
Batting: RHB Manuel Barrera 0-0: Fly out, F4 (Line Drive, 4, EV 66.9 MPH)
Top of the 5th over - 1 run, 1 hit, 0 errors, 1 left on base; Canonniers de Quebec 7 - Gibtown 0
BOTTOM OF THE 5TH
Gibtown Elephants batting - Pitching for Canonniers de Quebec : RHP Bartolo Guerra
Batting: RHB William Penn 0-0: Ball
1-0: Foul Ball, location: 2F
1-1: Ball
2-1: Foul Ball, location: 2F
2-2: Strikes out swinging
Batting: RHB Lane Ruffin 0-0: Ball
1-0: Fly out, F7 (Flyball, 7S, EV 90.6 MPH)
Batting: LHB Jeff McNeice 0-0: Ground out 6-3 (Groundball, 6, EV 80.6 MPH)
Bottom of the 5th over - 0 runs, 0 hits, 0 errors, 0 left on base; Canonniers de Quebec 7 - Gibtown 0
TOP OF THE 6TH
Canonniers de Quebec batting - Pitching for Gibtown Elephants : RHP Bill Culshaw
Batting: RHB Imbart Baars 0-0: Ball
1-0: Ground out 6-3 (Groundball, 6, EV 84.4 MPH)
Batting: RHB Tom Rowland 0-0: Ground out 5-3 (Groundball, 5, EV 76.9 MPH)
Batting: RHB Amor Campos 0-0: Called Strike
0-1: Swinging Strike
0-2: Ball
1-2: SOLO HOME RUN (Flyball, 78XD, EV 92.5 MPH), Distance : 372 ft
Batting: LHB Knox Loposer 0-0: Called Strike
0-1: Ball
1-1: SINGLE (Groundball, 4MD, EV 99.4 MPH)
Batting: RHB Joe Padilla 0-0: Ball
1-0: Ball
2-0: Foul Ball, location: 2F
2-1: Ground out 4-3 (Groundball, 4, EV 79.4 MPH)
Top of the 6th over - 1 run, 2 hits, 0 errors, 1 left on base; Canonniers de Quebec 8 - Gibtown 0
BOTTOM OF THE 6TH
Gibtown Elephants batting - Pitching for Canonniers de Quebec : RHP Bartolo Guerra
Batting: SHB Christian Cole 0-0: Ball
1-0: Ball
2-0: Fly out, F8 (Flyball, 8RS, EV 95.0 MPH)
Batting: RHB Félix Ronchi 0-0: Called Strike
0-1: Ball
1-1: Called Strike
1-2: Strikes out swinging
Batting: RHB Virgil Guldenmond 0-0: Ball
1-0: Fly out, F4 (Popup, 4MD, EV 65.0 MPH)
Bottom of the 6th over - 0 runs, 0 hits, 0 errors, 0 left on base; Canonniers de Quebec 8 - Gibtown 0
TOP OF THE 7TH
Canonniers de Quebec batting - Pitching for Gibtown Elephants : RHP Bill Culshaw
Batting: SHB Alex Warner 0-0: Hit by Pitch
Batting: SHB Geoffrey Richardson 0-0: Called Strike
0-1: SINGLE (Groundball, 34D, EV 94.4 MPH)
Alex Warner to second
Batting: RHB Nobuhiko Ohayashi 0-0: Fly out, F3 (Popup, 34, EV 75.6 MPH)
Batting: RHB Manuel Barrera 0-0: Called Strike
0-1: Ball
1-1: Ball
2-1: Foul Ball, location: 2F
2-2: Ball
3-2: Foul Ball, location: 2F
3-2: Fly out, F8 (Flyball, 8RD, EV 99.4 MPH)
Batting: RHB Imbart Baars 0-0: Called Strike
0-1: Called Strike
0-2: Foul Ball, location: 2F
0-2: Strikes out swinging
Top of the 7th over - 0 runs, 1 hit, 0 errors, 2 left on base; Canonniers de Quebec 8 - Gibtown 0
BOTTOM OF THE 7TH
Gibtown Elephants batting - Pitching for Canonniers de Quebec : RHP Bartolo Guerra
Batting: RHB Joe Frank 0-0: Fly out, F8 (Flyball, 89M, EV 92.5 MPH)
Batting: RHB Alberto Luna 0-0: Foul Ball, location: 2F
0-1: Ball
1-1: Fly out, F8 (Flyball, 8LM, EV 93.8 MPH)
Batting: SHB Christian Payne 0-0: Called Strike
0-1: Ball
1-1: Foul Ball, location: 2F
1-2: Ball
2-2: Fly out, F7 (Flyball, 78D, EV 83.8 MPH)
Bottom of the 7th over - 0 runs, 0 hits, 0 errors, 0 left on base; Canonniers de Quebec 8 - Gibtown 0
TOP OF THE 8TH
Canonniers de Quebec batting - Pitching for Gibtown Elephants : RHP Bill Culshaw
Batting: RHB Tom Rowland 0-0: Ball
1-0: Foul Ball, location: 2F
1-1: Fly out, F8 (Flyball, 8RM, EV 81.9 MPH)
Batting: RHB Amor Campos 0-0: Ball
1-0: Swinging Strike
1-1: SOLO HOME RUN (Line Drive, 89XD, EV 95.6 MPH), Distance : 406 ft
Batting: LHB Knox Loposer 0-0: Called Strike
0-1: Swinging Strike
0-2: Strikes out swinging
Batting: RHB Joe Padilla 0-0: Ground out 5-3 (Groundball, 56S, EV 92.5 MPH)
Top of the 8th over - 1 run, 1 hit, 0 errors, 0 left on base; Canonniers de Quebec 9 - Gibtown 0
BOTTOM OF THE 8TH
Gibtown Elephants batting - Pitching for Canonniers de Quebec : RHP Bartolo Guerra
Batting: RHB William Penn 0-0: Ball
1-0: Foul Ball, location: 2F
1-1: Ground out 1-3 (Groundball, 15, EV 86.9 MPH)
Batting: RHB Lane Ruffin 0-0: Swinging Strike
0-1: Ball
1-1: Foul Ball, location: 2F
1-2: Ball
2-2: Ball
3-2: Foul Ball, location: 2F
3-2: Foul Ball, location: 2F
3-2: Base on Balls
Pitching: LHP Neyo Eniquez
Batting: LHB Jeff McNeice 0-0: Grounds into double play, 4-6-3 (Groundball, 4, EV 85.6 MPH)
Bottom of the 8th over - 0 runs, 0 hits, 0 errors, 0 left on base; Canonniers de Quebec 9 - Gibtown 0
TOP OF THE 9TH
Canonniers de Quebec batting - Pitching for Gibtown Elephants : RHP Bill Culshaw
Pitching: LHP José Gómez
Batting: SHB Alex Warner 0-0: Ball
1-0: Fly out, F8 (Line Drive, 8LD, EV 87.5 MPH)
Batting: SHB Geoffrey Richardson 0-0: Ball
1-0: Ball
2-0: Ball
3-0: Called Strike
3-1: Ground out 5-3 (Groundball, 56, EV 86.2 MPH)
Batting: RHB Nobuhiko Ohayashi 0-0: Ball
1-0: Ball
2-0: Ball
3-0: Called Strike
3-1: Base on Balls
Batting: RHB Manuel Barrera 0-0: Ball
1-0: Called Strike
1-1: Foul Ball, location: 2F
1-2: Ball
2-2: Strikes out swinging
Top of the 9th over - 0 runs, 0 hits, 0 errors, 1 left on base; Canonniers de Quebec 9 - Gibtown 0
BOTTOM OF THE 9TH
Gibtown Elephants batting - Pitching for Canonniers de Quebec : LHP Neyo Eniquez
Batting: SHB Christian Cole 0-0: Ball
1-0: Called Strike
1-1: Called Strike
1-2: Foul Ball, location: 2F
1-2: SINGLE (Line Drive, 9S, EV 90.6 MPH)
Pinch Hitting: LHB Félix González 0-0: Foul Ball, location: 2F
0-1: Ball
1-1: DOUBLE (Line Drive, 78XD, EV 105.0 MPH)
Christian Cole to third
Batting: RHB Virgil Guldenmond 0-0: Ball
1-0: Ground out 4-3 (Groundball, 4M, EV 106.2 MPH)
Christian Cole scores
Félix González to third
Batting: RHB Joe Frank 0-0: Ball
1-0: Called Strike
1-1: Called Strike
1-2: Fly out, F8 (Flyball, 8LD, EV 81.9 MPH)
Runner from 3rd tags up, SCORES, no throw by CF
Batting: RHB Alberto Luna 0-0: Swinging Strike
0-1: Ball
1-1: Foul Ball, location: 2F
1-2: Ball
2-2: Ball
3-2: Base on Balls
Batting: SHB Christian Payne 0-0: Ball
1-0: Called Strike
1-1: Ball
2-1: Foul Ball, location: 2F
2-2: Strikes out swinging
Bottom of the 9th over - 2 runs, 2 hits, 0 errors, 1 left on base; Canonniers de Quebec 9 - Gibtown 2
Thursday, January 23rd, 2020 - OOTP Baseball 20.8 Build 74